 Dungeon Crawl Stone Soup version 0.17.1-1-g73c8601 (webtiles) character file.

271 Gargoyl the Skirmisher (level 6, 0/38 HPs)
             Began as a Demonspawn Abyssal Knight on Dec 15, 2015.
             Was a Believer of Lugonu.
             Slain by a gnoll
             ... wielding a +0 spear
              (6 damage)
             ... on level 4 of the Dungeon.
             The game lasted 00:08:32 (2862 turns).

Gargoyl the Skirmisher (Demonspawn Abyssal Knight)  Turns: 2862, Time: 00:08:32

Health: 0/38       AC: 14    Str: 15    XL:     6   Next: 2%
Magic:  8/8        EV: 10    Int: 19    God:    Lugonu [**....]
Gold:   143        SH:  0    Dex: 12    Spells: 0 memorised, 5 levels left

rFire  . . .     SeeInvis .     a - +1 hand axe
rCold  . . .     Clarity  .     i - +0 scale mail
rNeg   . . .     SustAt   .     (no shield)
rPois  .         Gourm    .     (no helmet)
rElec  +         Spirit   .     h - +1 cloak
rCorr  .         Warding  .     n - +0 pair of gloves (curse)
rMut   .         Rnd*Tele +     (no boots)
MR     .....                    j - amulet of regeneration
Stlth  +.........               f - +6 ring of intelligence
                                m - ring of teleportation (curse)

@: not resistant to hostile enchantments, very unstealthy
A: thin metallic scales 3, camouflage 1, frail 2
a: Depart the Abyss, Bend Space, Renounce Religion, Evoke Teleportation


You were on level 4 of the Dungeon.
You worshipped Lugonu.
Lugonu was pleased with you.
You were not hungry.

You visited 1 branch of the dungeon, and saw 4 of its levels.
You visited the Abyss 1 time.

You collected 143 gold pieces.

Inventory:

Hand Weapons
 a - a +1 hand axe (weapon)
Armour
 h - a +1 cloak (worn)
 i - a +0 scale mail (worn)
 n - a cursed +0 pair of gloves (worn)
Jewellery
 f - a +6 ring of intelligence (right hand)
 j - an amulet of regeneration (around neck)
 m - a cursed ring of teleportation (left hand)
Scrolls
 e - 2 scrolls of identify
 r - a scroll of teleportation
Potions
 b - a potion of curing
 c - a potion of invisibility
 d - a potion of flight
 g - a potion of poison {unknown}
 l - a potion of resistance {unknown}
 q - a potion of haste {unknown}
 s - a potion of agility
Comestibles
 k - a slice of pizza
 o - 2 meat rations
 p - 2 bread rations


   Skills:
 + Level 4.2 Fighting
 + Level 2.9 Axes
 + Level 3.3 Armour
 + Level 2.5 Dodging
 + Level 3.2 Invocations


You had 5 spell levels left.
You didn't know any spells.

Dungeon Overview and Level Annotations

Branches:
Dungeon (4/15)
 Temple: D:4-7

Altars:
Okawaru


Innate Abilities, Weirdness & Mutations

You are completely covered in thin metallic scales (AC +4, rElec).
Your skin changes colour to match your surroundings (Stealth).
You are very frail (-20% HP).


Message History

The iguana is lightly wounded.
You hit the gnoll.
The gnoll is almost dead.
The gnoll hits you but does no damage. The iguana bites you.
Unknown command.
You hit the iguana but do no damage.
The iguana is lightly wounded.
You hit the gnoll.
The gnoll is almost dead.
The iguana bites you. The gnoll hits you but does no damage.
Unknown command.
You hit the iguana.
The iguana is moderately wounded.
You closely miss the gnoll.
The gnoll is almost dead.
The iguana hisses menacingly.
The iguana bites you!
* * * LOW HITPOINT WARNING * * *
The gnoll hits you with a spear.
You die...

+.....+ ......#.....#
.....#.....#
#....#.....#####
#....####......#
#.......#......##
#.......#.......####
#.......#..........#
..#...g@).#..........#
....#.#l.............#
.#.......#############
#..#.#..# ##......#
########


You could see an iguana and a gnoll.

Vanquished Creatures
  A wyvern skeleton (D:3)
  Natasha (thrice) (D:2)
  10 adders
  2 gnolls (D:4)
  An ooze (D:1)
  2 worms
  A giant gecko (D:1)
  An orc (D:3)
  A giant cockroach (D:2)
  13 goblins
  8 hobgoblins
  A quokka (D:3)
  A ball python (D:3)
  10 bats
  5 giant newts
  3 jackals (D:3)
  A jackal skeleton (D:4)
  4 kobolds
  6 rats
74 creatures vanquished.

Notes
Turn   | Place    | Note
--------------------------------------------------------------
     0 | Abyss:1  | Gargoyl the Demonspawn Abyssal Knight began the quest for the Orb.
     0 | Abyss:1  | Reached XP level 1. HP: 18/18 MP: 2/2
    13 | Abyss:1  | Found a corrupted altar of Lugonu.
   133 | Abyss:1  | Noticed a neqoxec
   139 | Abyss:1  | Noticed a quasit
   141 | Abyss:1  | Noticed a crimson imp
   152 | D:1      | Escaped the Abyss
   291 | D:1      | Reached * piety under Lugonu
   294 | D:1      | Gained mutation: You are partially covered in thin metallic scales (AC +2). [demonic ancestry]
   294 | D:1      | Reached XP level 2. HP: 14/24 MP: 4/4
  1021 | D:1      | Reached skill level 1 in Dodging
  1202 | D:2      | Noticed Natasha
  1222 | D:2      | Killed Natasha
  1222 | D:2      | Reached XP level 3. HP: 12/30 MP: 5/5
  1463 | D:2      | Noticed Natasha
  1478 | D:2      | Killed Natasha
  1478 | D:2      | Reached XP level 4. HP: 23/37 MP: 6/6
  1493 | D:2      | Noticed Natasha
  1496 | D:2      | Gained mutation: Your skin changes colour to match your surroundings (Stealth). [potion of mutation]
  1496 | D:2      | Gained mutation: You are frail (-10% HP). [potion of mutation]
  1496 | D:2      | Gained mutation: You are very frail (-20% HP). [potion of mutation]
  1504 | D:2      | Killed Natasha
  1555 | D:2      | Found a faded altar to an unknown god.
  1563 | D:2      | Found an iron altar of Okawaru.
  1661 | D:2      | Reached ** piety under Lugonu
  2263 | D:3      | Gained mutation: You are mostly covered in thin metallic scales (AC +3). [demonic ancestry]
  2263 | D:3      | Reached XP level 5. HP: 14/33 MP: 7/7
  2331 | D:3      | Reached skill level 4 in Fighting
  2859 | D:4      | Gained mutation: You are completely covered in thin metallic scales (AC +4, rElec). [demonic ancestry]
  2859 | D:4      | Reached XP level 6. HP: 20/38 MP: 8/8
  2862 | D:4      | Slain by a gnoll

Action                   |  1- 3 |  4- 6 || total
-------------------------+-------+-------++-------
Melee: Hand axe          |    87 |   227 ||   314
Invok: Depart the Abyss  |     1 |       ||     1
  Use: Potion            |     2 |     3 ||     5
       Scroll            |       |     4 ||     4
 Stab: Invisible         |       |     1 ||     1
  Eat: Bread ration      |     1 |     1 ||     2
